groovejumper, neutral female human Wizard ------ |....| |....| ---------------- |....| |..............| ---.-- -------------- |..............| # #-............| |..............| % #|.............# |............>.| # ###+........^...|################ ----|--|-------- # ## |............|# ---------# ## #### # #### ----------#---### |.......|# : # [ ##########################.....<..-# #@x ### ---|- #### ### |.......|# # # |...| ## # |.......## # --.-- |...| #### ##|.......|############ |...| |...| ## ---------### ---.--######....| |...|### # |....| |...| |..)|# ###|....| #-...| |_..-# #+.....######----- ----- ------ groovejumper the Conjurer Experience level: 4 Strength: 10 Dexterity: 17 Constitution: 12 Intelligence: 18 Wisdom: 11 Charisma: 8 Health: 0(34) Energy: 30(39) AC: 7 Gold: 59 Moves: 2606 Your Inventory: Coins $ - 59 gold pieces Weapons a - a blessed +1 quarterstaff E - a [blessed] fireproof [+1] quarterstaff of telepathy (weapon in hands) Armor b - an uncursed +0 cloak of magic resistance (being worn) q - a cursed -3 pair of jumping boots (being worn) r - a [blessed] +2 leather armor (being worn) Comestibles p - an [uncursed] tripe ration Scrolls i - an uncursed scroll of enchant weapon j - an uncursed scroll of teleportation k - an uncursed scroll of stinking cloud Spellbooks l - a blessed spellbook of force bolt m - an uncursed spellbook of cure sickness t - an [uncursed] spellbook of invisibility Potions f - an uncursed potion of restore ability g - an uncursed potion of see invisible h - an uncursed potion of gain energy o - an uncursed pink potion [of object detection] u - an [uncursed] sky blue potion [of confusion] Rings d - an uncursed +5 ring of gain dexterity e - an uncursed +6 ring of increase damage x - an [uncursed] coral ring [of shock resistance] Wands c - an uncursed wand of lightning (0:5) Tools n - an uncursed looking glass [mirror] Spells known in the end: Name Level Category Fail Memory a - force bolt 1 attack 0% [|||||||.] b - cure sickness 3 healing 85% [|||||||.] c - invisibility 4 escape 100% [||||||||] Your skills at the end: Fighting Skills Weapon Skills quarterstaff [Basic / Expert] Spellcasting Skills attack spells [Basic / Expert] enchantment spells [Basic / Skilled] Final Attributes: You were piously aligned. Hunger level was -25. Your alignment was 22 / 23. Monster difficulty range was 0 - 2. Level difficulty was 1. You were magic-protected. You were telepathic. You could jump. You were unlucky (-3). Thoth was angry with you (1). You are dead. Vanquished creatures: 2 acid blobs a gas spore a large kobold a yellow mold a gecko 14 jackals a kobold a goblin 2 sewer rats 9 grid bugs 4 bats 3 lichens a kobold zombie 4 newts 45 creatures vanquished. Voluntary challenges: You used a wielded weapon 42 times. You read items or engraved 1 time. You put on armor 4 times. You never genocided any monsters. You never polymorphed an object. You never changed form. You used no wishes. You never wrote Elbereth's name. You never encountered a bones level. You never used any Sokoban shortcuts. Dungeon overview: The Dungeons of Doom: levels 1 to 2 Level 1 <- You were here an altar to Thoth a long staircase Level 2 a fountain History has recorded: On T:1 you entered the Dungeons of Doom to retrieve the Amulet of Yendor! On T:553 you advanced to experience level 2. On T:625 you reached level 2 of The Dungeons of Doom. On T:1438 you advanced to experience level 3. On T:2451 you advanced to experience level 4. On T:2488 you received a fireproof quarterstaff of telepathy from Thoth. Latest messages: You are too hungry to cast that spell. You faint from lack of food. The grid bug bites! (2x) The gecko bites! [HP-1=10] The grid bug bites! (2x) The gecko bites! [HP-3=7] The grid bug bites! [HP+1=8] The grid bug bites! The gecko bites! [HP-1=7] The grid bug bites! (2x) The gecko bites! [HP-3=4] The grid bug bites! (2x) The gecko bites! [HP-3=1] The grid bug bites! You regain consciousness. [11 turns] You miss the gecko. The grid bug bites! The gecko bites! You die... Final status: Goodbye groovejumper the Wizard... You died in The Dungeons of Doom on dungeon level 1 with 556 points, and 59 pieces of gold, after 2606 moves. You were level 4 with a maximum of 34 hit points when you died.